 Dungeon Crawl Stone Soup version 0.30-a0-586-g23e55c9e0a (webtiles) character file.

Game seed: 11946889343053427288

165 wormed the Slasher (level 5, -2/41 HPs)
             Began as a Gnoll Wanderer on Jan 4, 2023.
             Slain by a gnoll
             ... wielding a +0 halberd
              (9 damage)
             ... on level 4 of the Dungeon.
             The game lasted 00:03:18 (2518 turns).

wormed the Slasher (Gnoll Wanderer)                 Turns: 2518, Time: 00:03:18

Health: -2/41      AC:  5    Str: 14    XL:     5   Next: 46%
Magic:  7/7        EV:  8    Int:  9    God:
Gold:   224        SH:  0    Dex: 13    Spells: 7/7 levels left

rFire   + . .      SeeInvis .    i - +2 long sword (elec)
rCold   . . .      Faith    .    (no shield)
rNeg    . . .      Spirit   .    u - +0 leather armour {rF+}
rPois   .          Reflect  .    m - +1 helmet
rElec   .          Harm     .    (no cloak)
rCorr   .          Rampage  .    (no gloves)
Will    .....                    (no boots)
Stlth   ++                       (no amulet)
HPRegen 0.26/turn                (no ring)
MPRegen 0.10/turn                (no ring)

@: constricted
A: fangs 1, strong nose, distributed training
a: no special abilities


You were on level 4 of the Dungeon.
You visited 1 branch of the dungeon, and saw 4 of its levels.

You collected 224 gold pieces.

Inventory:

Hand Weapons
 a - a +2 falchion
 i - a +2 long sword of electrocution (weapon)
 n - a +1 rapier of electrocution
Missiles
 g - 2 javelins
Armour
 e - a +0 leather armour
 m - a +1 helmet (worn)
 u - a +0 leather armour of fire resistance (worn)
Jewellery
 k - a ring of protection from fire
Wands
 c - a wand of flame (4) (quivered)
Scrolls
 j - 4 scrolls of teleportation {unknown}
Potions
 b - a potion of flight
 d - a potion of degeneration
 f - a potion of ambrosia {unknown}
 h - 2 potions of attraction {unknown}
 o - a potion of haste {unknown}
 q - a potion of experience {unknown}
 t - 2 potions of mutation {unknown}


   Skills:
 + Level 3.0 Fighting
 + Level 4.8 Short Blades
 + Level 6.7 Long Blades
 + Level 1.6 Axes
 + Level 1.6 Maces & Flails
 + Level 1.6 Polearms
 + Level 1.6 Staves
 + Level 1.6 Ranged Weapons
 + Level 1.6 Throwing
 + Level 4.8 Armour
 + Level 1.6 Dodging
 + Level 1.6 Stealth
 + Level 1.6 Shields
 + Level 1.6 Unarmed Combat
 + Level 1.6 Spellcasting
 + Level 1.2 Conjurations
 + Level 1.2 Hexes
 + Level 1.2 Summonings
 + Level 1.2 Necromancy
 + Level 1.2 Translocations
 + Level 1.2 Transmutations
 + Level 1.2 Fire Magic
 + Level 1.2 Ice Magic
 + Level 1.2 Air Magic
 + Level 1.2 Earth Magic
 + Level 1.2 Poison Magic
 + Level 1.8 Invocations
 + Level 4.8 Evocations


You had 7 spell levels left.
You didn't know any spells.
Your spell library contained the following spells:

 Spells                   Type           Power      Damage    Failure   Level
 Call Canine Familiar     Summ           3%         N/A       58%         3
 Portal Projectile        Hex/Tloc       6%         N/A       58%         3
 Tukima's Dance           Hex            3%         N/A       58%         3
 Leda's Liquefaction      Hex/Erth       1%         N/A       94%         4
 Manifold Assault         Tloc           3%         N/A       94%         4
 Blade Hands              Tmut           1%         N/A       100%        5
 Dispersal                Tloc           1%         N/A       100%        6
 Disjunction              Tloc           1%         N/A       100%        8


Dungeon Overview and Level Annotations

Branches:
Dungeon (4/15)
 Temple: D:4-7

Altars:
Nemelex Xobeh
Okawaru
Vehumet

Shops:
D:3 *:


Innate Abilities, Weirdness & Mutations

You have very sharp teeth.
Your uncanny sense of smell can sniff out nearby items.
Your experience applies equally to all skills.


Message History

The orc shouts!
You hear a shout!
You hear an angry hiss.
A gnoll comes into view. It is wielding a +0 halberd.
Found a scale mail, a scroll labelled URPHEI ASTO and 18 gold pieces.
The orc misses you.
A ball python comes into view.
You hit the orc. Your bite misses the orc.
The orc is heavily wounded.
The orc hits you with a +0 club.
You hit the orc.
You kill the orc!
The gnoll hits you with a +0 halberd!
You hit the gnoll.
The gnoll is lightly wounded.
The gnoll hits you with a +0 halberd.
You hit the gnoll. Lightning courses through the gnoll!
The gnoll is almost dead.
The ball python bites you but does no damage.
The ball python grabs you. The ball python constricts you.
The gnoll barely misses you.
You barely miss the ball python.
You bite the ball python, but do no damage.
The ball python misses you. The ball python constricts you.
The gnoll hits you with a +0 halberd.
You are too injured to fight recklessly!
You are too injured to fight recklessly!
You are too injured to fight recklessly!
You are too injured to fight recklessly!
You escape the ball python's grasp.
The gnoll barely misses you.
You barely miss the ball python.
The ball python bites you but does no damage.
The ball python closely misses you. The gnoll barely misses you.
You closely miss the ball python. Your bite misses the ball python.
The ball python barely misses you. The ball python grabs you.
The ball python constricts you.
The gnoll hits you from afar with a +0 halberd!
* * * LOW HITPOINT WARNING * * *
The ball python barely misses you. The ball python constricts you.
You closely miss the ball python.
The gnoll hits you from afar with a +0 halberd!
You die...

##.#.#.##
##.#.#.#.##
##.#.###.#.##
##.#.##.##.#.##
##.#.##.#.##.#.##
##.#.##.#.#.##.#.##
##.#.##
#...#.##.#.##
#.#.## #$$?g##.#.#
##.#.## #.#.S@#.##
##.#.## ##.#)#.##
##.#.## ##.#.##
##†#.## ##.## ∆
##.#.##∆ ###
##.#.## ∆ ##.#[##
##.#.## ##.#.##
######


You could see a gnoll and a ball python.

Vanquished Creatures
  A hound (D:4)
  2 orc wizards
  Natasha (D:2)
  A gnoll (D:1)
  An adder (D:2)
  A worm (D:2)
  2 dart slugs
  6 orcs
  A bat (D:2)
  2 endoplasms (D:2)
  A giant cockroach (D:1)
  5 goblins
  3 hobgoblins
  A quokka (D:2)
  3 ball pythons
  A kobold (D:2)
  2 rats
34 creatures vanquished.

Vanquished Creatures (others)
  2 plants (D:4)
2 creatures vanquished.

Grand Total: 36 creatures vanquished

Notes
Turn   | Place    | Note
-------+----------+-------------------------------------------
     0 | D:1      | wormed the Gnoll Wanderer began the quest for the Orb.
     0 | D:1      | wormed set off with the following items: a +2 falchion, a
                  | +0 short sword, a wand of flame (4), a potion of heal
                  | wounds, a +0 leather armour.
     0 | D:1      | Reached XP level 1. HP: 17/17 MP: 1/1
    74 | D:1      | Reached XP level 2. HP: 15/23 MP: 2/2
   915 | D:2      | Reached XP level 3. HP: 24/28 MP: 3/3
   934 | D:2      | Reached skill level 1 in Axes
   934 | D:2      | Reached skill level 1 in Maces & Flails
   934 | D:2      | Reached skill level 1 in Polearms
   934 | D:2      | Reached skill level 1 in Staves
   934 | D:2      | Reached skill level 1 in Ranged Weapons
   934 | D:2      | Reached skill level 1 in Throwing
   934 | D:2      | Reached skill level 1 in Dodging
   934 | D:2      | Reached skill level 1 in Stealth
   934 | D:2      | Reached skill level 1 in Shields
   934 | D:2      | Reached skill level 1 in Unarmed Combat
   934 | D:2      | Reached skill level 1 in Spellcasting
   934 | D:2      | Reached skill level 1 in Invocations
  1308 | D:2      | Reached XP level 4. HP: 24/34 MP: 5/5
  1542 | D:2      | Noticed Natasha
  1548 | D:2      | Killed Natasha
  1549 | D:2      | Reached skill level 1 in Conjurations
  1549 | D:2      | Reached skill level 1 in Hexes
  1549 | D:2      | Reached skill level 1 in Summonings
  1549 | D:2      | Reached skill level 1 in Necromancy
  1549 | D:2      | Reached skill level 1 in Translocations
  1549 | D:2      | Reached skill level 1 in Transmutations
  1549 | D:2      | Reached skill level 1 in Fire Magic
  1549 | D:2      | Reached skill level 1 in Ice Magic
  1549 | D:2      | Reached skill level 1 in Air Magic
  1549 | D:2      | Reached skill level 1 in Earth Magic
  1549 | D:2      | Reached skill level 1 in Poison Magic
  1872 | D:3      | Reached XP level 5. HP: 40/40 MP: 5/7
  1945 | D:3      | Found a sparkling altar of Nemelex Xobeh.
  1984 | D:3      | Found an iron altar of Okawaru.
  2000 | D:3      | Found Buv Vol's Book Shoppe.
  2152 | D:3      | Found Yfol Jib's Assorted Antiques.
  2187 | D:3      | Found a radiant altar of Vehumet.
  2518 | D:4      | Slain by a gnoll

Illustrated notes

Levels and vault maps discovered:
D:1:      zelgadis_glass_arrival_small, layout_basic
D:2:      layout_basic, hangedman_decor_clover_reticule, minmay_ruptured,
          uniq_natasha
D:3:      layout_rooms, lemuel_coloured_pillars_altar,
          mainiacjoe_overflow_cross_hatched, nemelex_xobeh_ov_fountains_minmay,
          serial_shops, nicolae_shop_competitors_out_of_business,
          nicolae_lakefront_shop
D:4:      minmay_inner_zag, layout_basic, serial_bayou, serial_bayou_pond_d,
          serial_bayou_pond_a, serial_bayou_lake_a, serial_bayou_ford_a

Skill      XL: |  1  2  3  4  5 |
---------------+----------------+-----
Axes           | 1 |  1.6
Maces & Flails | 1 |  1.6
Polearms       | 1 |  1.6
Staves         | 1 |  1.6
Ranged Weapons | 1 |  1.6
Throwing       | 1 |  1.6
Dodging        | 1 |  1.6
Stealth        | 1 |  1.6
Shields        | 1 |  1.6
Unarmed Combat | 1 |  1.6
Spellcasting   | 1 |  1.6
Invocations    | 1 |  1.8
Conjurations   | 1 |  1.2
Hexes          | 1 |  1.2
Summonings     | 1 |  1.2
Necromancy     | 1 |  1.2
Translocations | 1 |  1.2
Transmutations | 1 |  1.2
Fire Magic     | 1 |  1.2
Ice Magic      | 1 |  1.2
Air Magic      | 1 |  1.2
Earth Magic    | 1 |  1.2
Poison Magic   | 1 |  1.2
Fighting       | 3 |  3.0
Short Blades   | |  4.8
Long Blades    | |  6.7
Armour         | |  4.8
Evocations     | |  4.8

Action                   |  1- 3 |  4- 6 || total
-------------------------+-------+-------++-------
Melee: Falchion          |    21 |       ||    21
       Punch             |     1 |     1 ||     2
       Long sword        |    49 |    28 ||    77
       Bite              |     4 |     3 ||     7
       Rapier            |       |    22 ||    22
  Use: Scroll            |     1 |     5 ||     6
       Potion            |     1 |       ||     1
 Stab: Sleeping          |       |     1 ||     1
Armor: Leather armour    |    14 |     8 ||    22
Dodge: Dodged            |    28 |    29 ||    57

Table legend: (Time is in decaauts)
 A = Elapsed time spent in this place.
 B = Non-inter-level travel time spent in this place.
 C = Inter-level travel time spent in this place.
 D = Time resting spent in this place.
 E = Time spent auto-exploring this place.
 F = Levels seen in this place.
 G = Mean time per level.
                   A        B        C        D        E       F      G
               +--------+--------+--------+--------+--------+-----+--------+
         Total |   2526 |   2371 |    155 |     58 |   1936 |   4 |  631.5 |
       Dungeon |   2526 |   2371 |    155 |     58 |   1936 |   4 |  631.5 |
               +--------+--------+--------+--------+--------+-----+--------+

Top non-repeatable levels by time:
     D:2: 1049 daAuts
     D:1: 705 daAuts
     D:3: 616 daAuts
     D:4: 154 daAuts
